 Dungeon Crawl Stone Soup version 0.22-a0-409-gb855193d78 (webtiles) character file.

38 GordonOverkill the Vexing (level 3, -3/31 HPs)
             Began as a Hill Orc Enchanter on May 11, 2018.
             Slain by a sky beast (4 damage)
             ... on level 2 of the Dungeon.
             The game lasted 00:04:33 (2239 turns).

GordonOverkill the Vexing (Hill Orc Enchanter)      Turns: 2239, Time: 00:04:34

Health: -3/31      AC: 10    Str: 11    XL:     3   Next: 43%
Magic:  0/5        EV: 10    Int: 19    God:
Gold:   141        SH:  0    Dex: 16    Spells: 5/5 levels left

rFire    . . .     SeeInvis .   a - +1 dagger
rCold    . . .     Gourm    .   (no shield)
rNeg     . . .     Faith    .   b - +0 chain mail
rPois    .         Spirit   +   e - +0 helmet
rElec    .         Reflect  .   l - scarf {Spirit}
rCorr    .         Harm     .   (no gloves)
MR       .....                  j - +0 pair of boots
Stlth    ..........             (no amulet)
HPRegen  0.10/turn              n - +4 ring of intelligence
MPRegen  0.09/turn              (no ring)

@: agile
A: no striking features
a: no special abilities


You were on level 2 of the Dungeon.
You were not hungry.

You visited 1 branch of the dungeon, and saw 3 of its levels.

You collected 141 gold pieces.

Inventory:

Hand Weapons
 a - a +1 dagger (weapon)
Armour
 b - a +0 chain mail (worn)
 e - a +0 helmet (worn)
 j - a +0 pair of boots (worn)
 l - a scarf of spirit shield (worn)
Jewellery
 n - a +4 ring of intelligence (left hand)
Scrolls
 i - 4 scrolls of identify
 k - a scroll of remove curse
Potions
 g - a potion of lignification {unknown}
 h - a potion of agility
Comestibles
 d - a ration


   Skills:
 - Level 3.0 Fighting
 - Level 1.0 Short Blades
 + Level 0.3 Armour
 - Level 2.0 Dodging
 - Level 2.4 Stealth
 - Level 1.5 Spellcasting
   Level 3.0 Hexes


You had 5 spell levels left.
You didn't know any spells.

Dungeon Overview and Level Annotations

Branches:
Dungeon (3/15)

Altars:


Message History

* * * LOW HITPOINT WARNING * * *
The sky beast shocks you.
* * * LOW HITPOINT WARNING * * *
You barely miss the sky beast.
The sky beast is almost dead.
The sky beast flickers out of sight!
Deactivating autopickup; reactivate with Ctrl-A.
Something hits you but does no damage.
You barely miss something. Something hits you but does no damage.
A sky beast appears from thin air!
Reactivating autopickup.
You miss the sky beast.
The sky beast is almost dead.
The sky beast hits you but does no damage.
You closely miss the sky beast.
The sky beast is almost dead.
The sky beast hits you.
* * * LOW HITPOINT WARNING * * *
The sky beast shocks you.
You die...

#######.##.##.........≈≈≈....##..
# #.##.#####.#.#.≈P≈P....##..
####.##.#####.#....≈≈P≈.......
#....##...........P≈≈≈≈.#.####
#>############.....≈≈≈≈.#.####
####.# #....≈≈≈≈.......# ..##.#
#....≈≈≈≈≈≈..##.#
..##.############....≈≈≈≈≈......#
.....[...>##...Y@....≈≈≈≈≈P..##..
...#>####..........≈.≈≈≈≈.≈...#..
..##.#######.......≈P≈≈≈≈.....#..
..##.......######...≈≈≈≈≈≈......#
..#...####.# #...≈≈≈≈≈.......#
###<....##.# ###.≈≈P≈≈≈P≈.##.###
#...#.##.####....≈≈≈≈≈≈P.##.###
###......#......≈≈≈≈≈.≈≈.##....
###.####...(≈.≈≈≈≈≈≈.........


You could see a sky beast.

Vanquished Creatures
  A worm (D:2)
  2 dart slugs (D:1)
  A leopard gecko (D:1)
  7 bats
  A giant cockroach (D:2)
  2 goblins
  5 hobgoblins
  A ball python (D:1)
  2 frilled lizards
  4 kobolds
  4 rats
30 creatures vanquished.

Notes
Turn   | Place    | Note
-------+----------+-------------------------------------------
     0 | D:1      | GordonOverkill the Hill Orc Enchanter began the quest for the Orb.
     0 | D:1      | Reached XP level 1. HP: 14/14 MP: 3/3
   312 | D:1      | Reached skill level 1 in Fighting
   312 | D:1      | Reached XP level 2. HP: 23/23 MP: 4/4
  1133 | D:2      | Reached XP level 3. HP: 29/30 MP: 5/5
  2161 | D:3      | Noticed a sky beast
  2230 | D:2      | HP: 1/31 [sky beast (5)]
  2239 | D:2      | HP: 1/31 [sky beast (1)]
  2239 | D:2      | Slain by a sky beast

Vault maps used:
D:1:      scummos_arrival_forest
D:2:      chequers_big_river
D:3:      kennysheep_goblin_castle, marbit_many_paths,
          cheibrodos_sewer_entry_sluice

Skill      XL: |  1  2  3 |
---------------+----------+-----
Fighting       | 1 2 3 |  3.0
Dodging        | 2 |  2.0
Short Blades   | |  1.0
Armour         | |  0.3
Stealth        | |  2.4
Spellcasting   | |  1.5
Hexes          | |  3.0

Action                   || total
-------------------------++-------
Melee: Dagger            ||   193
  Use: Scroll            ||     6
       Potion            ||     2
 Stab: Sleeping          ||     3
  Eat: Chunk             ||     4
Armor: Robe              ||     3
       Ring mail         ||    49
       Chain mail        ||    50
Dodge: Dodged            ||    91

Table legend:
 A = Spawn XP
 B = Non-spawn XP
 C = Spawn XP percentage of total XP
 D = Spawn monster count
 E = Non-spawn monster count
 F = Spawn count percentage of total count
 G = Total turns spent on level
                    A         B        C        D         E        F      G
               +---------+---------+-------+---------+---------+-------+---------
         Total |       0 |      55 |   0.0 |       0 |      30 |   0.0 |  2239
               +---------+---------+-------+---------+---------+-------+---------
           D:1 |       0 |      31 |   0.0 |       0 |      17 |   0.0 |  1048
           D:2 |       0 |      22 |   0.0 |       0 |      12 |   0.0 |  1127
           D:3 |       0 |       2 |   0.0 |       0 |       1 |   0.0 |    64
               +---------+---------+-------+---------+---------+-------+---------
